[Event "Titled Tuesday Blitz July 27 2021"]
[White "Krivonosov, Oleg"]
[Black "Tologon tegin, Semetei"]
[WhiteFideId "11600349"]
[BlackFideId "13800574"]
[WhiteElo "2469"]
[BlackElo "2224"]
[Result "1-0"]
[Round "10"]
[TimeControl "180+1"]
[Date "2021.07.27"]
[WhiteClock "0:00:55"]
[BlackClock "0:00:02"]

1. Nf3 c5 2. c4 g6 3. d4 cxd4 4. Nxd4 Bg7 5. e4 Nc6 6. Be3 Qb6 7. Nb5 Qa5+ 8. N1c3 a6 9. Nd4 Nxd4 10. Bxd4 Nf6 11. f3 O-O 12. Be2 d6 13. Qd2 Bd7 14. Rc1 b5 15. b3 bxc4 16. Bxc4 Rfc8 17. O-O Bb5 18. Bxb5 axb5 19. Rfd1 b4 20. Na4 Nd7 21. Bxg7 Kxg7 22. Qd4+ f6 23. h3 Nc5 24. Nxc5 Rxc5 25. Rxc5 Qxc5 26. Qxc5 dxc5 27. Rd2 Kf7 28. Kf2 Ke6 29. Ke3 Ra6 30. f4 Rd6 31. Rc2 Ra6 32. g4 Kd6 33. h4 Kc6 34. g5 Kb5 35. f5 Rd6 36. Rf2 gxf5 37. exf5 Rd4 38. Rf4 Rd1 39. Rg4 Rf1 40. g6 hxg6 41. fxg6 f5 42. g7 fxg4 43. g8=Q Rf3+ 44. Ke4 Rc3 45. Qxg4 1-0


[Site "https://www.chess.com"]

[Event "Titled Tuesday Blitz July 27 2021"]
[White "Lauridsen, Jesper Morch"]
[Black "Haitin, Ilja"]
[WhiteFideId "1401890"]
[BlackFideId "4501764"]
[WhiteElo "2323"]
[BlackElo "2165"]
[Result "1-0"]
[Round "10"]
[TimeControl "180+1"]
[Date "2021.07.27"]
[WhiteClock "0:00:35"]
[BlackClock "0:00:02"]

1. e4 e6 2. d4 d5 3. Nc3 Bb4 4. exd5 exd5 5. Bd3 Ne7 6. Nf3 Nbc6 7. O-O Bxc3 8. bxc3 Bg4 9. h3 Bh5 10. Rb1 b6 11. Bb5 O-O 12. Ba3 a6 13. Bxc6 Nxc6 14. Bxf8 Qxf8 15. Qd3 Bg6 16. Qd2 Na5 17. Ne5 Bf5 18. Rbe1 Qd6 19. Qf4 Be6 20. Nd3 Qa3 21. Qxc7 Nc4 22. Nf4 Qxc3 23. Rxe6 Qxd4 24. Re7 Rf8 25. Rfe1 Nd2 26. Rxf7 Ne4 27. Rxf8+ Kxf8 28. Ne6+ 1-0


[Site "https://www.chess.com"]

[Event "Titled Tuesday Blitz July 27 2021"]
[White "Lazavik, Denis"]
[Black "Madaminov, Mukhiddin"]
[WhiteFideId "13515110"]
[BlackFideId "14210703"]
[WhiteElo "2436"]
[BlackElo "1747"]
[Result "1-0"]
[Round "10"]
[TimeControl "180+1"]
[Date "2021.07.27"]
[WhiteClock "0:00:11"]
[BlackClock "0:00:04"]

1. d4 Nf6 2. c4 e6 3. Nf3 Bb4+ 4. Bd2 a5 5. a3 Bxd2+ 6. Qxd2 d6 7. Nc3 Nc6 8. e4 e5 9. Be2 O-O 10. Rd1 Re8 11. dxe5 Nxe5 12. Nxe5 Rxe5 13. f3 Re8 14. O-O Bd7 15. Rfe1 Bc6 16. Bf1 a4 17. Ne2 Nd7 18. Nd4 Nc5 19. Qf4 Qe7 20. Nf5 Qf6 21. Qd2 Ra6 22. Qd4 Qxd4+ 23. Rxd4 Rb6 24. Rd2 Bd7 25. Ne3 Bc6 26. Kf2 g6 27. Rc2 Kg7 28. Rd1 Rb3 29. Re2 Re5 30. Rdd2 Bxe4 31. Ng4 Rf5 32. Ne3 Re5 33. Ng4 Re6 34. fxe4 Nxe4+ 35. Kg1 Nxd2 36. Rxd2 f5 37. Nf2 Re1 38. Nd3 Rb1 39. Kf2 g5 40. Be2 b5 41. cxb5 Rxb5 42. Nb4 Rc5 43. Bd3 Ra1 44. Bc2 Ra5 45. Nc6 Ra6 46. Nd4 f4 47. h4 g4 48. Ne6+ Kf6 49. Nxf4 Ke5 50. Nd3+ Kf6 51. Nb4 Ra5 52. Bxh7 Ke5 53. Nc6+ Kf4 54. Nxa5 g3+ 55. Ke2 Rg1 56. Rd4+ Ke5 57. Re4+ Kd5 58. Kf3 Rb1 59. Re5+ Kxe5 60. Bxb1 1-0


[Site "https://www.chess.com"]

[Event "Titled Tuesday Blitz July 27 2021"]
[White "Leenhouts, Koen"]
[Black "Xie, Bryan"]
[WhiteFideId "1008439"]
[BlackFideId "30941296"]
[WhiteElo "2409"]
[BlackElo "1899"]
[Result "1-0"]
[Round "10"]
[TimeControl "180+1"]
[Date "2021.07.27"]
[WhiteClock "0:00:53"]
[BlackClock "0:00:59"]

1. d4 Nf6 2. c4 e6 3. Nc3 Bb4 4. e3 O-O 5. Bd3 c5 6. Nf3 cxd4 7. exd4 d5 8. O-O Nc6 9. Bg5 Be7 10. Re1 a6 11. Rc1 dxc4 12. Bxc4 b5 13. Bb3 Na5 14. Bc2 Bb7 15. Qd3 g6 16. Ne5 Nd5 17. Bh6 Re8 18. Qh3 Bf6 19. Ne4 Bg7 20. Nc5 Nb4 21. Bxg7 Kxg7 22. Nxf7 Kxf7 23. Qxh7+ Kf6 24. Qxg6+ Ke7 25. Rxe6+ Kf8 26. Qf5+ Kg7 27. Rg6+ Kh7 1-0


[Site "https://www.chess.com"]

[Event "Titled Tuesday Blitz July 27 2021"]
[White "Liyanage, Ranindu Dilshan"]
[Black "Diaz Perez, Michel Alejandro"]
[WhiteFideId "9915834"]
[BlackFideId "3517179"]
[WhiteElo "1839"]
[BlackElo "2337"]
[Result "1-0"]
[Round "10"]
[TimeControl "180+1"]
[Date "2021.07.27"]
[WhiteClock "0:00:13"]
[BlackClock "0:00:12"]

1. e4 e5 2. Nf3 Nc6 3. Bc4 Bc5 4. c3 Nf6 5. d3 a6 6. Bb3 d6 7. h3 Ba7 8. Nbd2 Ne7 9. Nf1 Ng6 10. Ng3 c6 11. d4 O-O 12. O-O h6 13. Re1 Re8 14. Bc2 Qc7 15. Be3 b5 16. Qd2 Kh7 17. Nf5 Ng8 18. h4 N6e7 19. g3 Nxf5 20. exf5 e4 21. Bf4 Bxf5 22. Nh2 Qd7 23. Qe2 Nf6 24. f3 exf3 25. Bxf5+ Qxf5 26. Qxf3 Nd5 27. Bxd6 Qg6 28. Be5 f6 29. h5 Qf7 30. Bf4 b4 31. Rad1 bxc3 32. bxc3 Kh8 33. Nf1 Rad8 34. Ne3 Nxc3 35. Rd3 Bxd4 36. Qxc6 Nb5 37. a4 Na7 38. Qc1 Qxh5 39. Qd2 Nc6 40. Kg2 Bxe3 41. Rexe3 Rxd3 42. Qxd3 Rxe3 43. Qxe3 Qd5+ 44. Kh2 Kh7 45. Qb6 a5 46. Qc7 Nd4 47. Qc1 Nf3+ 48. Kh3 f5 49. Qe3 Qe4 50. Qf2 g5 51. Qa7+ Kg6 52. Qb6+ Kh5 53. Qf6 g4+ 54. Kg2 Nd2+ 55. Kf2 Qf3+ 56. Ke1 Qe4+ 57. Kxd2 Qd5+ 58. Kc3 Qc5+ 59. Kd3 Qd5+ 60. Qd4 Qb3+ 61. Qc3 Qxa4 62. Ke3 Qb5 63. Kf2 a4 64. Qe1 a3 65. Qh1+ Kg6 66. Qxh6+ Kf7 67. Qh7+ Ke6 68. Qg6+ Kd7 69. Qf7+ Kc6 70. Qe8+ Kc5 71. Qxb5+ Kxb5 72. Be5 a2 73. Ke3 Kc4 74. Kf4 Kd3 75. Kxf5 Ke3 76. Kxg4 Ke4 77. Bh8 Kd5 78. Kh5 Ke6 79. g4 Kf7 80. Ba1 Kg8 81. Kg6 Kf8 82. Kh7 Ke7 83. g5 Ke6 84. g6 Kd5 85. g7 Kc4 86. g8=Q+ Kd3 1-0


[Site "https://www.chess.com"]

[Event "Titled Tuesday Blitz July 27 2021"]
[White "Ljukin, Sergei"]
[Black "Zong, Davis"]
[WhiteFideId "14102200"]
[BlackFideId "30903955"]
[WhiteElo "2309"]
[BlackElo "2344"]
[Result "1-0"]
[Round "10"]
[TimeControl "180+1"]
[Date "2021.07.27"]
[WhiteClock "0:00:05"]
[BlackClock "0:00:02"]

1. e4 e5 2. Nf3 Nc6 3. Bb5 a6 4. Ba4 Nf6 5. Qe2 b5 6. Bb3 Bc5 7. c3 O-O 8. d3 d5 9. Bg5 dxe4 10. dxe4 h6 11. Bh4 Be6 12. Bxe6 fxe6 13. Nbd2 Qe8 14. O-O Nh5 15. Bg3 Nf4 16. Bxf4 Rxf4 17. b4 Bb6 18. a4 bxa4 19. Qc4 Kh8 20. Rxa4 Nd4 21. Rxa6 Rxa6 22. Qxa6 Nxf3+ 23. Nxf3 Rxe4 24. Re1 Qc6 25. Qd3 Rxe1+ 26. Nxe1 Qd5 27. Kf1 Kg8 28. c4 Qxd3+ 29. Nxd3 Bd4 30. f3 Kf7 31. Nf2 Ke7 32. Ne4 c6 33. Ke2 Kd7 34. Kd3 Ke7 35. Kc2 h5 36. h3 g6 37. Kb3 Kd7 38. Ka4 Kc7 39. b5 Kb6 40. bxc6 Kxc6 41. Ka5 Bc5 42. Ka4 Bd4 43. Kb3 Be3 44. Kc2 Kb6 45. Kd3 Bh6 46. c5+ Kc6 47. Kc4 Be3 48. Kd3 Bxc5 49. Ng5 Kd5 50. Ne4 Be7 51. Nc3+ Kd6 52. Ke4 Bf6 53. Nd1 Bg7 54. Ne3 Kc5 55. Nf1 Kd6 56. Nd2 Kc5 57. Nb3+ Kc4 58. Na5+ Kb5 59. Nb3 Kc4 60. Nc1 Kc5 61. Nd3+ Kd6 62. Nb2 Kc5 63. Kd3 Kd5 64. Nc4 e4+ 65. fxe4+ Kc5 66. Ne3 Bf6 67. g4 hxg4 68. hxg4 Bg7 69. Ng2 Bf6 70. Nf4 g5 71. Nxe6+ Kd6 72. Nf8 Ke5 73. Nd7+ 1-0


[Site "https://www.chess.com"]

[Event "Titled Tuesday Blitz July 27 2021"]
[White "Lodici, Lorenzo"]
[Black "Swicarz, Maciej"]
[WhiteFideId "884189"]
[BlackFideId "1113585"]
[WhiteElo "2265"]
[BlackElo "2199"]
[Result "1-0"]
[Round "10"]
[TimeControl "180+1"]
[Date "2021.07.27"]
[WhiteClock "0:01:34"]
[BlackClock "0:00:42"]

1. g3 d5 2. Bg2 Nf6 3. f4 Nbd7 4. Nf3 Nb6 5. d3 h5 6. O-O Bf5 7. Qe1 Qc8 8. Nc3 c6 9. e4 Bh3 10. e5 Bxg2 11. Kxg2 Ng4 12. Nd1 e6 13. Ne3 Nxe3+ 14. Bxe3 c5 15. a4 a5 16. Bd2 Qc6 17. b3 d4 18. Bxa5 h4 19. Bd2 hxg3 20. hxg3 Nd5 21. Rh1 Rxh1 22. Qxh1 g6 23. Kf2 Nb4 24. Qd1 Rd8 25. Ng5 Be7 26. Ne4 Kf8 27. Qh1 Kg7 28. f5 Rh8 29. f6+ Kg8 30. Qxh8+ Kxh8 31. Rh1+ Kg8 32. Bh6 Bxf6 33. Nxf6+ Kh8 34. Rh2 1-0


[Site "https://www.chess.com"]

[Event "Titled Tuesday Blitz July 27 2021"]
[White "Lopez Del Alamo, Antonio"]
[Black "Aldokhin, Ivan"]
[WhiteFideId "2227339"]
[BlackFideId "24115720"]
[WhiteElo "2085"]
[BlackElo "2306"]
[Result "0-1"]
[Round "10"]
[TimeControl "180+1"]
[Date "2021.07.27"]
[WhiteClock "0:00:07"]
[BlackClock "0:00:06"]

1. e4 c5 2. Nf3 e6 3. d3 Nf6 4. g3 d5 5. Qe2 Nc6 6. Bg2 Be7 7. O-O O-O 8. e5 Nd7 9. c4 b5 10. cxb5 Na5 11. Bd2 a6 12. Na3 axb5 13. Nxb5 Ba6 14. a4 Qb6 15. Bxa5 Qxa5 16. d4 Rfb8 17. Qd2 Qxd2 18. Nxd2 cxd4 19. f4 Bxb5 20. axb5 Rxa1 21. Rxa1 Bc5 22. Nb3 d3+ 23. Nxc5 Nxc5 24. b4 Nb3 25. Rb1 d2 26. Bf3 Nd4 27. Bd1 Nxb5 28. Rb2 Nc3 29. Rxd2 Rxb4 30. Rc2 Rc4 31. Bf3 g5 32. f5 exf5 33. Bxd5 Rc5 34. Bb3 Ne4 35. Ra2 Rxe5 36. Ra7 Kg7 37. Rxf7+ Kg6 38. Ra7 Nf6 39. Bf7+ Kh6 40. Bb3 Rb5 41. Bc4 Rb6 42. Ra6 Rxa6 43. Bxa6 g4 44. Kg2 Kg5 45. Bc8 Ne4 46. Be6 Nc5 47. Bc8 Nd3 48. h4+ Kf6 49. Bb7 Ke5 50. Ba6 Nc5 51. Bb5 Ne4 52. Bc6 h6 53. Bb7 Nc3 54. Bc8 Nd1 55. Bd7 Ne3+ 56. Kf2 Nd5 57. Bc8 Nf6 58. Kg2 f4 59. gxf4+ Kxf4 60. Bb7 Ne4 61. Bc8 Nd6 62. Bd7 Nf5 63. h5 Ng7 64. Bb5 Nxh5 65. Be8 Nf6 66. Bg6 h5 67. Bc2 h4 68. Bd1 h3+ 69. Kh2 Ne4 70. Be2 Nd2 71. Bd3 Nf3+ 72. Kh1 g3 73. Bf1 Kg4 74. Bxh3+ Kf4 75. Bg2 Ke3 76. Bxf3 Kxf3 77. Kg1 g2 78. Kh2 Kf2 79. Kh3 g1=Q 80. Kh4 Kf3 0-1


[Site "https://www.chess.com"]

[Event "Titled Tuesday Blitz July 27 2021"]
[White "Makhnev, Denis"]
[Black "Shahade, Gregory"]
[WhiteFideId "13707647"]
[BlackFideId "2009064"]
[WhiteElo "2537"]
[BlackElo "2701"]
[Result "1/2-1/2"]
[Round "10"]
[TimeControl "180+1"]
[Date "2021.07.27"]
[WhiteClock "0:00:06"]
[BlackClock "0:00:17"]

1. d4 Nf6 2. c4 g6 3. Nc3 d5 4. cxd5 Nxd5 5. e4 Nxc3 6. bxc3 Bg7 7. Nf3 c5 8. Rb1 O-O 9. h3 Nc6 10. d5 Bxc3+ 11. Bd2 Bxd2+ 12. Qxd2 Nd4 13. Nxd4 cxd4 14. Qxd4 Qa5+ 15. Qd2 Qxd2+ 16. Kxd2 b6 17. Bc4 Bb7 18. Rhc1 Rfc8 19. Bb3 Rxc1 20. Rxc1 Rc8 21. Rb1 Kf8 22. f4 f6 23. h4 Rc5 24. Kd3 f5 25. exf5 Bxd5 26. fxg6 hxg6 27. g4 Bxb3 28. axb3 a5 29. Re1 Rb5 30. Kc3 Rb4 31. Re6 Kf7 32. f5 gxf5 33. gxf5 Rb5 34. Rc6 Rxf5 35. Rxb6 Rh5 36. Ra6 e6 37. Kd3 Kf6 38. Kc3 Rxh4 39. Rxa5 e5 40. b4 Rh1 41. Ra8 Rb1 42. Rb8 Kf5 43. b5 Ke4 44. Kc2 Rb4 45. Kc3 Rb1 46. Kc4 Rc1+ 47. Kb4 Kd5 48. Rd8+ Ke6 49. b6 e4 50. Kb5 Rb1+ 51. Kc6 Rc1+ 52. Kb7 Ke5 53. Rc8 Rb1 54. Ka7 e3 55. b7 Rxb7+ 56. Kxb7 Kd4 57. Rd8+ Kc3 58. Re8 Kd2 59. Rd8+ Kc2 60. Rc8+ Kd2 61. Kb6 e2 62. Rd8+ Kc2 63. Rc8+ Kd2 64. Rd8+ Kc2 65. Re8 Kd2 66. Kc5 e1=Q 67. Rxe1 Kxe1 1/2-1/2


[Site "https://www.chess.com"]

[Event "Titled Tuesday Blitz July 27 2021"]
[White "Maltsevskaya, Aleksandra"]
[Black "Gokerkan, Cem Kaan"]
[WhiteFideId "24174041"]
[BlackFideId "6336760"]
[WhiteElo "2564"]
[BlackElo "2741"]
[Result "1/2-1/2"]
[Round "10"]
[TimeControl "180+1"]
[Date "2021.07.27"]
[WhiteClock "0:00:07"]
[BlackClock "0:00:08"]

1. e4 c6 2. Nf3 d5 3. Nc3 Bg4 4. h3 Bxf3 5. Qxf3 e6 6. g3 Nd7 7. Bg2 Ngf6 8. d4 Bb4 9. e5 Ne4 10. Qd3 c5 11. O-O cxd4 12. Nxe4 dxe4 13. Qxd4 Be7 14. Qxe4 Nc5 15. Qg4 g6 16. b4 Nd7 17. Bxb7 Rb8 18. Bc6 Qc7 19. b5 O-O 20. Bxd7 Qxd7 21. c4 Rfc8 22. Be3 Qd3 23. Rfc1 h5 24. Qd4 Qf5 25. Kg2 Bc5 26. Qf4 Qd3 27. Bxc5 Rxc5 28. Qf3 Qd4 29. Rd1 Qxe5 30. Rd7 Rf8 31. Rc1 Qb2 32. Rc3 Rf5 33. Qe3 Rxf2+ 34. Qxf2 Qxc3 35. c5 Qc4 36. b6 axb6 37. Rc7 bxc5 38. Rxc5 Qe4+ 39. Kh2 Rb8 40. Rc7 Qf5 41. Qxf5 gxf5 42. Rc2 Kg7 43. Kg2 Kf6 44. a4 Ra8 45. Ra2 Ke5 46. a5 Kd4 47. Kf3 Kc5 48. Kf4 f6 49. a6 Kb6 50. Re2 e5+ 51. Kxf5 Rxa6 52. Kxf6 Kc5+ 53. Kxe5 Ra3 54. Kf4 h4 55. Re5+ Kd6 56. Rg5 Rxg3 57. Rxg3 hxg3 58. Kxg3 Ke5 59. Kg4 Kf6 60. Kh5 Kg7 61. h4 Kh8 62. Kh6 Kg8 63. h5 Kh8 64. Kg6 Kg8 65. h6 Kh8 66. h7 1/2-1/2


[Site "https://www.chess.com"]

[Event "Titled Tuesday Blitz July 27 2021"]
[White "Maly, Alexey"]
[Black "Arnold, Ken"]
[WhiteFideId "14103184"]
[BlackFideId "2056836"]
[WhiteElo "2285"]
[BlackElo "2502"]
[Result "1-0"]
[Round "10"]
[TimeControl "180+1"]
[Date "2021.07.27"]
[WhiteClock "0:02:00"]
[BlackClock "0:00:25"]

1. d4 Nf6 2. c4 g6 3. Nc3 d5 4. cxd5 Nxd5 5. e4 Nxc3 6. bxc3 Bg7 7. Nf3 O-O 8. Be3 c5 9. Qd2 Bg4 10. Rc1 cxd4 11. cxd4 Bxf3 12. gxf3 Nc6 13. d5 Ne5 14. Be2 Qd7 15. f4 Ng4 16. O-O Nxe3 17. Qxe3 Rfc8 18. Kg2 b6 19. Ba6 Qg4+ 20. Qg3 Qxg3+ 21. hxg3 Rc5 22. Rxc5 bxc5 23. Rb1 Bd4 24. Rb7 Kf8 25. Kf1 h5 26. Ke2 c4 27. Bxc4 Rc8 28. Bb3 Bb6 29. e5 Rc3 30. d6 exd6 31. exd6 Rc6 32. Rxf7+ Ke8 33. Rf6 Kd8 34. Ba4 Rc4 35. Rf8# 1-0


[Site "https://www.chess.com"]

[Event "Titled Tuesday Blitz July 27 2021"]
[White "Manukyan, Artyom"]
[Black "Katzir, Moshe"]
[WhiteFideId "13305786"]
[BlackFideId "2802260"]
[WhiteElo "2034"]
[BlackElo "2119"]
[Result "1/2-1/2"]
[Round "10"]
[TimeControl "180+1"]
[Date "2021.07.27"]
[WhiteClock "0:00:19"]
[BlackClock "0:00:08"]

1. e4 c5 2. Nc3 e6 3. g3 Nc6 4. Bg2 Nf6 5. d3 h6 6. Be3 d5 7. exd5 exd5 8. Bf4 a6 9. Nge2 Be6 10. O-O Be7 11. d4 c4 12. h3 O-O 13. Re1 b5 14. a3 Qd7 15. Be3 Bxh3 16. Nf4 Bxg2 17. Kxg2 b4 18. axb4 Bxb4 19. Qf3 Bxc3 20. bxc3 Ne4 21. Bc1 Qf5 22. Nxd5 Qxd5 23. Qxe4 Qd7 24. Bf4 Rfe8 25. Qf3 Rxe1 26. Rxe1 a5 27. Bc1 Qd6 28. Ba3 Qd7 29. Qe4 Rc8 30. d5 Na7 31. d6 Nb5 32. Qe7 Qxe7 33. dxe7 Re8 34. Bc5 Nxc3 35. Re3 Nd5 36. Re4 c3 37. Re5 Nf6 38. Ba3 g5 39. Rxa5 Nd7 40. Ra7 Ne5 41. Rc7 f6 42. Rxc3 Kf7 43. Re3 Nc6 44. Bc5 Rc8 45. e8=Q+ Rxe8 46. Rxe8 Kxe8 47. Kf3 Ne5+ 48. Ke4 Kf7 49. Bd4 Nc6 50. Kd5 Nb4+ 51. Ke4 Nxc2 52. Bc3 Na3 53. Kf5 Nb1 54. Bxf6 Nd2 55. Bd4 Nb3 56. Bc3 Nc1 57. f4 gxf4 58. gxf4 Ne2 59. Be5 Nxf4 60. Kxf4 Kg6 61. Ke4 h5 62. Bh2 h4 63. Kf3 h3 64. Kg3 Kh5 65. Bg1 Kg5 66. Bh2 Kf5 67. Kf3 Kg5 68. Kg3 Kh5 69. Bg1 Kg5 70. Kh2 Kf4 71. Bf2 Kf3 72. Bg3 Ke2 73. Bb8 Kf3 74. Bc7 Ke4 75. Bd6 Kf5 76. Bg3 Kg6 77. Be5 Kf5 78. Kxh3 1/2-1/2


[Site "https://www.chess.com"]

[Event "Titled Tuesday Blitz July 27 2021"]
[White "Mekhitarian, Krikor Sevag"]
[Black "Hansen, Eric"]
[WhiteFideId "2107660"]
[BlackFideId "2606771"]
[WhiteElo "2598"]
[BlackElo "2568"]
[Result "1-0"]
[Round "10"]
[TimeControl "180+1"]
[Date "2021.07.27"]
[WhiteClock "0:00:08"]
[BlackClock "0:00:02"]

1. b3 e5 2. Bb2 Nc6 3. e3 Nf6 4. Nf3 d6 5. c4 g6 6. d4 Bg7 7. dxe5 Nd7 8. Nc3 Ndxe5 9. Be2 O-O 10. O-O a5 11. Qd2 Be6 12. Nd5 a4 13. Nxe5 dxe5 14. Rfd1 a3 15. Bc3 f5 16. Qc2 Qc8 17. b4 Rf7 18. b5 Ne7 19. f4 Bxd5 20. cxd5 exf4 21. exf4 Bxc3 22. Qxc3 Qd8 23. Rac1 Qd6 24. Qxc7 Nc8 25. Qxd6 Nxd6 26. Bd3 Ra4 27. g3 Re7 28. Kf2 Kf7 29. b6 Kf6 30. Rc7 Rb4 31. Rxe7 Kxe7 32. Re1+ Kd7 33. Ke3 Rxb6 34. Re2 Rb4 35. Rc2 b5 36. Rc3 Ra4 37. Rb3 Ra5 38. Kd4 Kc7 39. Kc5 b4+ 40. Kd4 Ra4 41. Ke5 Kd7 42. Kd4 Kc7 43. Kc5 Nb7+ 44. Kb5 Ra5+ 45. Kc4 Rc5+ 46. Kd4 Kd6 47. Rxb4 Rxd5+ 48. Ke3 Nc5 49. Bc2 Kc7 50. Rc4 Kb6 51. Rc3 Rd6 52. Rxa3 Re6+ 53. Kd2 Kb5 54. Ra8 Rd6+ 55. Ke3 Kc4 56. Rc8 Re6+ 57. Kd2 Kd4 58. Rd8+ Kc4 59. Rc8 Kd4 60. a3 Ra6 61. Rd8+ Kc4 62. a4 Ra7 63. Bd3+ Nxd3 64. Rxd3 Rxa4 65. Ke3 Ra2 66. Rd4+ Kc5 67. Rd7 Rxh2 68. Kf3 Kc6 69. Rd1 Kc7 70. Rd3 Kc6 71. Rd1 Ra2 72. Rd3 Ra7 73. g4 Rd7 74. Rc3+ Kd5 75. gxf5 gxf5 76. Rd3+ Ke6 77. Ra3 Rd6 78. Ra5 Kf6 79. Ra3 Kg6 80. Kg3 Re6 81. Kf3 Rb6 82. Kg3 h5 83. Kh4 Re6 84. Rb3 Rf6 85. Ra3 Re6 86. Rg3+ Kf6 87. Kxh5 Re4 88. Rg6+ Kf7 89. Kg5 Ra4 90. Rf6+ Kg7 91. Rxf5 Ra1 92. Rb5 Rg1+ 93. Kf5 Kf7 94. Rb7+ Ke8 95. Kf6 Ra1 96. Rb8+ Kd7 97. f5 Rg1 98. Kf7 Kd6 99. f6 Ke5 100. Rb2 Kd6 101. Re2 Rf1 102. Kg7 Rg1+ 103. Kf8 Kd7 104. f7 Rg3 105. Rd2+ Ke6 106. Ke8 1-0


[Site "https://www.chess.com"]

[Event "Titled Tuesday Blitz July 27 2021"]
[White "Melikhov, Evgeny V."]
[Black "Pires, Marcos Vinicius Torsani"]
[WhiteFideId "4122046"]
[BlackFideId "2118939"]
[WhiteElo "1965"]
[BlackElo "2273"]
[Result "1/2-1/2"]
[Round "10"]
[TimeControl "180+1"]
[Date "2021.07.27"]
[WhiteClock "0:00:28"]
[BlackClock "0:00:06"]

1. d4 c6 2. c4 d5 3. Nc3 Nf6 4. e3 e6 5. Nf3 Nbd7 6. Bd3 Be7 7. O-O O-O 8. e4 dxe4 9. Nxe4 b6 10. Qe2 Bb7 11. c5 bxc5 12. dxc5 Nxc5 13. Nxc5 Bxc5 14. Rd1 Qc7 15. Bg5 Be7 16. Ne5 c5 17. Bxf6 Bxf6 18. Nd7 Rfd8 19. Nxf6+ gxf6 20. Rac1 Rd5 21. Be4 Rxd1+ 22. Rxd1 Bxe4 23. Qxe4 Rd8 24. Rxd8+ Qxd8 25. h4 Qd1+ 26. Kh2 Qd5 27. Qa4 Qe5+ 28. f4 Qc7 29. g3 Qb6 30. b3 Qc7 31. h5 Kg7 32. Qe4 Qd6 33. Qc2 Qd4 34. Qe2 a5 35. Qg4+ Kf8 36. h6 Qd2+ 37. Kh3 Qd3 38. Qg7+ Ke7 39. Qg8 Qg6 40. Qg7 Qh5+ 41. Kg2 Qe2+ 42. Kh3 Qe4 43. Kh2 a4 44. bxa4 Qxa4 45. Qxh7 Qxa2+ 46. Kh3 Qe2 47. Qg7 Qh5+ 48. Kg2 Qe2+ 49. Kh3 Qh5+ 50. Kg2 Qe2+ 51. Kh3 1/2-1/2


[Site "https://www.chess.com"]

[Event "Titled Tuesday Blitz July 27 2021"]
[White "Miranda, Rafael"]
[Black "Dang, Hoang Son"]
[WhiteFideId "130990"]
[BlackFideId "12402435"]
[WhiteElo "2159"]
[BlackElo "2248"]
[Result "1-0"]
[Round "10"]
[TimeControl "180+1"]
[Date "2021.07.27"]
[WhiteClock "0:00:51"]
[BlackClock "0:01:14"]

1. e4 g6 2. d4 Bg7 3. Nc3 d6 4. g3 Nf6 5. Bg2 O-O 6. Nge2 e5 7. O-O Nc6 8. h3 exd4 9. Nxd4 Nxe4 10. Nxc6 Nxc3 11. Nxd8 Nxd1 12. Nxb7 Rb8 13. Na5 Nxb2 14. Nc6 Rb6 15. Be3 Ra6 16. Ne7+ Kh8 17. Nxc8 Nc4 18. Rab1 Nxe3 19. fxe3 Rxa2 20. Ne7 Rxc2 21. Rb7 Re2 22. Rxa7 Rxe3 23. Rxc7 Rxg3 24. Nd5 f5 25. Re1 Be5 26. Rb1 Rg5 27. Rbb7 Rh5 28. Rf7 Rxf7 29. Rxf7 Rh4 30. Nc7 Bd4+ 31. Kf1 Rf4+ 32. Ke1 Be5 33. Rf8+ Kg7 34. Ne6+ Kh6 35. Nxf4 Bxf4 36. Rf7 g5 37. Rxf5 Kh5 38. Rf7 h6 39. Rf6 Be5 40. Bf3+ Kh4 41. Rxh6+ Kg3 42. Bd5 Bf4 43. Ke2 g4 44. Rg6 Kh2 45. hxg4 1-0


[Site "https://www.chess.com"]

[Event "Titled Tuesday Blitz July 27 2021"]
[White "Mirzoev, Azer"]
[Black "Damjanovic, Vladimir"]
[WhiteFideId "13400304"]
[BlackFideId "903795"]
[WhiteElo "2525"]
[BlackElo "2374"]
[Result "1-0"]
[Round "10"]
[TimeControl "180+1"]
[Date "2021.07.27"]
[WhiteClock "0:01:28"]
[BlackClock "0:00:05"]

1. d4 Nf6 2. c4 c5 3. d5 b5 4. f3 g6 5. e4 Bg7 6. cxb5 a6 7. a4 O-O 8. Na3 e6 9. Bc4 Bb7 10. Ne2 exd5 11. exd5 axb5 12. Nxb5 Na6 13. O-O Nb4 14. Nec3 Nh5 15. Be3 d6 16. Qd2 Re8 17. Rfe1 Ba6 18. Bf2 Be5 19. g3 Qf6 20. Kg2 Re7 21. Ne4 Qg7 22. Nexd6 Rd8 23. Ne4 Bc8 24. d6 Ree8 25. Rad1 Na6 26. Ng5 Rd7 27. f4 Bb7+ 28. Bd5 Bxd5+ 29. Qxd5 Nf6 30. Qc6 Nb8 31. Qxc5 Bxb2 32. Rxe8+ Nxe8 33. Qc8 Qc3 1-0


[Site "https://www.chess.com"]

[Event "Titled Tuesday Blitz July 27 2021"]
[White "Moksh Amit Doshi"]
[Black "Makhmudov, Shukhrat"]
[WhiteFideId "25064967"]
[BlackFideId "14200775"]
[WhiteElo "2245"]
[BlackElo "2135"]
[Result "1-0"]
[Round "10"]
[TimeControl "180+1"]
[Date "2021.07.27"]
[WhiteClock "0:00:30"]
[BlackClock "0:00:18"]

1. d4 Nf6 2. c4 e6 3. Nf3 d5 4. g3 c6 5. Bg2 Nbd7 6. O-O Bd6 7. Nc3 Qe7 8. Nd2 O-O 9. b3 dxc4 10. Nxc4 Bb4 11. Bb2 e5 12. a3 Bxc3 13. Bxc3 exd4 14. Qxd4 Nc5 15. Bb4 Nfd7 16. Nd6 Nxb3 17. Nxc8 Rfxc8 18. Qc3 Ndc5 19. Qxb3 Nxb3 20. Bxe7 Nxa1 21. Rxa1 Re8 22. Bg5 Rxe2 23. Rb1 f6 24. Be3 Rb8 25. Bxc6 b6 26. Be4 Kh8 27. Rc1 g6 28. Rc7 Re8 29. Bd3 R2xe3 30. fxe3 Rxe3 31. Rc3 Re5 32. Kf2 Kg7 33. Rc7+ Kh6 34. Rxa7 Rd5 35. Be4 Rc5 36. a4 f5 37. Bd3 Rc3 38. Ke3 Ra3 39. Ra6 Kg5 40. Kd4 Rb3 41. Ra7 h5 42. Rb7 h4 43. Bc4 hxg3 44. hxg3 Rxg3 45. Rxb6 Rg4+ 46. Kc5 f4 47. a5 f3 48. a6 f2 49. Rb1 Rg1 50. Rf1 Rxf1 51. Bxf1 Kf4 52. a7 g5 53. a8=Q g4 54. Qg2 g3 55. Be2 Ke3 56. Qf3+ Kd2 57. Bf1 Ke1 58. Bg2 f1=B 59. Qxf1+ Kd2 60. Qf3 Ke1 61. Qxg3+ Kd2 62. Qf2+ Kd1 63. Bf3+ Kc1 64. Kc4 Kb1 65. Kb3 Ka1 66. Qa2# 1-0


[Site "https://www.chess.com"]

[Event "Titled Tuesday Blitz July 27 2021"]
[White "Molina, Roberto Junio Brito"]
[Black "Pourkashiyan, Atousa"]
[WhiteFideId "2109450"]
[BlackFideId "12502014"]
[WhiteElo "2745"]
[BlackElo "2577"]
[Result "1-0"]
[Round "10"]
[TimeControl "180+1"]
[Date "2021.07.27"]
[WhiteClock "0:01:07"]
[BlackClock "0:00:19"]

1. d4 Nf6 2. c4 e6 3. Nf3 d5 4. Nc3 Be7 5. Bg5 O-O 6. e3 h6 7. Bh4 Nbd7 8. Rc1 a6 9. c5 c6 10. b4 Ne4 11. Bxe7 Qxe7 12. Nxe4 dxe4 13. Nd2 f5 14. Bc4 Kh8 15. Nb3 e5 16. d5 cxd5 17. Qxd5 Nf6 18. Qd6 Qxd6 19. cxd6 Rd8 20. Rd1 Ne8 21. Ke2 Rxd6 22. Bf7 Bd7 23. Bxe8 Rxd1 24. Rxd1 Bxe8 25. Rd5 Bb5+ 26. Kd2 Re8 27. Nc5 Bc4 28. Rd6 Bxa2 29. Nxb7 Rb8 30. Rd7 Kg8 31. Kc3 Rc8+ 32. Kb2 Bc4 33. Nd6 Rc6 34. Nxf5 Bd3 35. Ne7+ Kf7 36. Nxc6+ 1-0


[Site "https://www.chess.com"]

[Event "Titled Tuesday Blitz July 27 2021"]
[White "Muradli, Mahammad"]
[Black "Arabidze, Meri"]
[WhiteFideId "13409301"]
[BlackFideId "13604040"]
[WhiteElo "2482"]
[BlackElo "2432"]
[Result "1/2-1/2"]
[Round "10"]
[TimeControl "180+1"]
[Date "2021.07.27"]
[WhiteClock "0:00:13"]
[BlackClock "0:00:05"]

1. Nf3 d5 2. d4 Nf6 3. c4 e6 4. Nc3 Nbd7 5. Bg5 Be7 6. e3 h6 7. Bf4 c6 8. h3 O-O 9. a3 b6 10. Bd3 Bb7 11. cxd5 exd5 12. O-O c5 13. Rc1 Ne4 14. Qc2 Ndf6 15. dxc5 bxc5 16. Rfd1 Qa5 17. Bxe4 dxe4 18. Nd2 Rfe8 19. Nc4 Qa6 20. Nd6 Bxd6 21. Rxd6 Qa5 22. Bxh6 Rad8 23. Rxd8 Qxd8 24. Bg5 Re5 25. Rd1 Qe7 26. Bxf6 Qxf6 27. Qa4 a6 28. Qd7 Bc6 29. Qd8+ Qxd8 30. Rxd8+ Kh7 31. Rc8 Re6 32. Rc7 Kg6 33. Ne2 Kf6 34. b4 cxb4 35. axb4 Rd6 36. Nd4 Bb5 37. Rc5 Rb6 38. g4 Bd3 39. Nc6 Bb5 40. Rf5+ Ke6 41. Nd8+ Ke7 42. Nxf7 Bd3 43. Ne5 Rxb4 44. Nc6+ Ke6 45. Nxb4 a5 46. Rxa5 Kd6 47. Rd5+ Ke6 48. Rxd3 exd3 49. Nxd3 Kd5 50. Nf4+ Ke4 51. Nh5 Kf3 52. Nxg7 Ke2 53. Nh5 Ke1 54. g5 Ke2 1/2-1/2


[Site "https://www.chess.com"]

[Event "Titled Tuesday Blitz July 27 2021"]
[White "Nefedov, Sergey"]
[Black "Mahalakshmi, M"]
[WhiteFideId "24113417"]
[BlackFideId "5001080"]
[WhiteElo "2385"]
[BlackElo "2176"]
[Result "1-0"]
[Round "10"]
[TimeControl "180+1"]
[Date "2021.07.27"]
[WhiteClock "0:00:47"]
[BlackClock "0:00:19"]

1. d4 c5 2. c3 b6 3. Nf3 Bb7 4. d5 Nf6 5. c4 b5 6. Nc3 b4 7. Na4 e6 8. d6 Ne4 9. Bf4 Bc6 10. e3 Bxa4 11. Qxa4 Bxd6 12. Bd3 e5 13. Bxe4 exf4 14. Bxa8 O-O 15. e4 Qf6 16. Qc2 Na6 17. Bd5 b3 18. axb3 Nb4 19. Qd2 Nxd5 20. Qxd5 Qxb2 21. O-O 1-0


[Site "https://www.chess.com"]